 Dungeon Crawl Stone Soup version 0.18.1-48-g4cf74bf (webtiles) character file.

64 Gargoyl the Skirmisher (level 3, -3/30 HPs)
             Began as a Demonspawn Abyssal Knight on Aug 29, 2016.
             Was a Believer of Lugonu.
             Slain by Grinder (5 damage)
             ... while paralysed by Grinder
             ... on level 3 of the Dungeon.
             The game lasted 00:04:12 (2186 turns).

Gargoyl the Skirmisher (Demonspawn Abyssal Knight)  Turns: 2186, Time: 00:04:12

Health: -3/30      AC:  8    Str: 13    XL:     3   Next: 91%
Magic:  4/4        EV:  4    Int: 13    God:    Lugonu [**....]
Gold:   101        SH:  0    Dex: 12    Spells: 0 memorised, 2 levels left

rFire  . . .     SeeInvis .     a - +1 hand axe
rCold  . . .     Gourm    .     i - +0 chain mail
rNeg   . . .     Faith    .     (no shield)
rPois  .         Spirit   .     (no helmet)
rElec  .         Dismiss  .     (no cloak)
rCorr  .         Reflect  .     (no gloves)
SustAt .         Harm     .     (no boots)
MR     .....                    (no amulet)
Stlth  ..........               (no ring)
                                k - ring of flight

@: paralysed, flying, not resistant to hostile enchantments, extremely
unstealthy
A: repulsion field 1, nightstalker 1
a: Depart the Abyss, Bend Space, Renounce Religion


You were on level 3 of the Dungeon.
You worshipped Lugonu.
Lugonu was pleased with you.
You were not hungry.

You visited 1 branch of the dungeon, and saw 3 of its levels.
You visited the Abyss 1 time.

You collected 101 gold pieces.

Inventory:

Hand Weapons
 a - a +1 hand axe (weapon)
Armour
 i - a +0 chain mail (worn)
Jewellery
 k - a ring of flight (left hand)
Scrolls
 d - a scroll of magic mapping {unknown}
 g - 2 scrolls of identify {unknown}
 h - 2 scrolls of amnesia {unknown}
 l - a scroll of remove curse {unknown}
 m - a scroll of blinking {unknown}
Comestibles
 b - 4 fruits
 c - 3 bread rations
 f - 3 meat rations


   Skills:
 + Level 3.8 Fighting
 + Level 2.0 Axes
 * Level 2.7 Armour
 + Level 1.2 Dodging
 + Level 0.4 Stealth
 + Level 2.4 Invocations


You had 2 spell levels left.
You didn't know any spells.

Dungeon Overview and Level Annotations

Branches:
Dungeon (3/15)

Altars:
Dithmenos
The Shining One

Annotations:
D:3 Grinder


Innate Abilities, Weirdness & Mutations

You are surrounded by a mild repulsion field (EV +2).
You are slightly more attuned to the shadows.


Message History

Grinder is moderately wounded.
Grinder gestures at you.
You barely resist.
Your chain mail prevents you from hitting Grinder.
Grinder is moderately wounded.
Grinder hits you.
You writhe in agony.
You hit Grinder.
Grinder is moderately wounded.
Grinder hits you!
* * * LOW HITPOINT WARNING * * *
You writhe in agony.
* * * LOW HITPOINT WARNING * * *
Grinder gestures at you.
You suddenly lose the ability to move!
Grinder completely misses you.
Grinder says, "Tell me all your secrets, or I'll kill you."
Grinder hits you.
* * * LOW HITPOINT WARNING * * *
Grinder hits you.
You die...

.... ......
##..#....
#.......## ######
....##...##......
..........#...>..
.............(....
........@.........
........5...##.###
...........## .#
.....##...## ..
........รท.####..
. .....####<......
.... ######.. ###


You could see Grinder.

Vanquished Creatures
  2 adders
  2 dart slugs (D:2)
  A giant gecko (D:2)
  2 orcs (D:2)
  3 giant cockroaches
  5 goblins
  2 hobgoblins
  4 jackals (D:2)
  A quokka (D:2)
  3 bats (D:2)
  2 giant newts
  8 kobolds
  5 rats
40 creatures vanquished.

Notes
Turn   | Place    | Note
--------------------------------------------------------------
     0 | Abyss:1  | Gargoyl the Demonspawn Abyssal Knight began the quest for the Orb.
     0 | Abyss:1  | Reached XP level 1. HP: 18/18 MP: 2/2
    75 | Abyss:2  | Noticed a thrashing horror
    76 | D:1      | Escaped the Abyss
   242 | D:1      | Reached * piety under Lugonu
   387 | D:1      | Reached skill level 1 in Dodging
   387 | D:1      | Gained mutation: You are surrounded by a mild repulsion field (EV +2). [demonic ancestry]
   387 | D:1      | Reached XP level 2. HP: 20/24 MP: 3/3
  1208 | D:2      | Found a shadowy altar of Dithmenos.
  1226 | D:2      | Gained mutation: You are slightly more attuned to the shadows. [demonic ancestry]
  1226 | D:2      | Reached XP level 3. HP: 28/30 MP: 4/4
  1296 | D:2      | Found a glowing golden altar of the Shining One.
  1808 | D:3      | Noticed Grinder
  1816 | D:3      | Reached ** piety under Lugonu
  2013 | D:3      | Paralysed by Grinder for 7 turns
  2155 | D:3      | Paralysed by Grinder for 7 turns
  2163 | D:3      | Paralysed by Grinder for 6 turns
  2183 | D:3      | Paralysed by Grinder for 7 turns
  2186 | D:3      | Slain by Grinder

Skill      XL: |  1  2  3 |
---------------+----------+-----
Armour         | 2 |  2.7
Dodging        | 1 |  1.2
Axes           | 2 |  2.0
Fighting       | |  3.8
Stealth        | |  0.4
Invocations    | |  2.4

Action                   || total
-------------------------++-------
Melee: Hand axe          ||   154
Invok: Depart the Abyss  ||     1
  Use: Potion            ||     8
  Eat: Chunk             ||     4
Armor: Chain mail        ||   146
Dodge: Dodged            ||   120
